[Event "FIDE Open A - Konik"]
[Site "?"]
[Date "2013.04.30"]
[Round "3.3"]
[White "Miculka, Petr"]
[Black "Vícha, Martin"]
[Result "1-0"]
[ECO "C64"]
[WhiteElo "2018"]
[BlackElo "1888"]
[PlyCount "61"]
[EventDate "2013.??.??"]
[TimeControl "6000+805"]
[WhiteClock "0:06:25"]
[BlackClock "1:00:26"]

1. e4 e5 2. Nf3 Nc6 3. Bb5 Bc5 4. O-O Nge7 5. c3 a6 6. Ba4 b5 7. Bc2 Ng6 8. d4
exd4 9. cxd4 Bb6 10. Nc3 O-O 11. h3 d6 12. Re1 Bb7 13. Be3 Na5 14. b3 Nc6 15.
Rc1 Ba5 16. Bb1 Nce7 17. Ng5 h6 18. Nf3 Rc8 19. Qd2 f5 20. Bxh6 fxe4 21. Bxe4
Bxe4 22. Rxe4 Nd5 23. Rg4 Qe8 24. Qc2 Nxc3 25. Re1 Qd7 26. Rxg6 Rf7 27. b4 Kf8
28. Rxg7 Rxg7 29. Qh7 Qf7 30. Ng5 Re8 31. Qh8+ 1-0

[Event "FIDE Open A - Konik"]
[Site "?"]
[Date "2013.05.01"]
[Round "4.1"]
[White "Krejci, Jan"]
[Black "Kutynec, Vladimir"]
[Result "1/2-1/2"]
[ECO "B01"]
[WhiteElo "2491"]
[BlackElo "2290"]
[PlyCount "108"]
[EventDate "2013.??.??"]
[TimeControl "6000+2305"]
[WhiteClock "0:44:40"]
[BlackClock "0:03:25"]

1. e4 d5 2. exd5 Qxd5 3. Nc3 Qa5 4. d4 Nf6 5. Nf3 Bg4 6. h3 Bh5 7. g4 Bg6 8.
Ne5 e6 9. Bg2 Be4 10. Bxe4 Nxe4 11. Qf3 Nd6 12. Bd2 f6 13. Nd3 Nc6 14. Qe3
O-O-O 15. Qxe6+ Kb8 16. Ne2 Qa6 17. Qb3 Re8 18. Be3 Nc4 19. O-O-O N6a5 20. Qc3
Nxe3 21. fxe3 Nc4 22. Kb1 Nxe3 23. Rdg1 Bd6 24. Nec1 Re4 25. Nb3 b6 26. g5 f5
27. g6 Qc4 28. Qd2 a5 29. c3 a4 30. Nbc1 Qe6 31. gxh7 Rxh7 32. Ne1 Nc4 33. Qc2
a3 34. b3 Ne3 35. Qd3 Nd5 36. Nc2 Ne3 37. Ne1 Nd5 38. Nc2 Kb7 39. b4 Nf4 40.
Qf3 c6 41. Rg5 g6 42. h4 Be7 43. Rgg1 Rxh4 44. Rxh4 Bxh4 45. Rh1 g5 46. b5 g4
47. Qf1 Be7 48. Rh7 g3 49. bxc6+ Qxc6 50. Nb4 Qxc3 51. Qa6+ Kc7 52. Qa7+ Kd6
53. Qxb6+ Kd7 54. Qb5+ Kd6 1/2-1/2

[Event "FIDE Open A - Konik"]
[Site "?"]
[Date "2013.05.01"]
[Round "4.2"]
[White "Kociscak, Jiri"]
[Black "Obrusnik, Michal"]
[Result "1/2-1/2"]
[ECO "E32"]
[WhiteElo "2424"]
[BlackElo "2243"]
[PlyCount "47"]
[EventDate "2013.??.??"]
[TimeControl "6000+1245"]
[WhiteClock "0:13:44"]
[BlackClock "0:07:27"]

1. d4 Nf6 2. c4 e6 3. Nc3 Bb4 4. Qc2 O-O 5. a3 Bxc3+ 6. Qxc3 b6 7. Bg5 Ba6 8.
Nf3 d6 9. e3 Nbd7 10. Qc2 h6 11. Bh4 c5 12. Rd1 cxd4 13. Nxd4 Rc8 14. Bg3 Qe7
15. b4 Nh5 16. Qa4 Nxg3 17. hxg3 Bxc4 18. Bxc4 Rxc4 19. Qxa7 Rfc8 20. Nb5 d5
21. O-O Qd8 22. Rd4 Ra8 23. Qb7 Rb8 24. Qa7 1/2-1/2

[Event "FIDE Open A - Konik"]
[Site "?"]
[Date "2013.05.01"]
[Round "4.3"]
[White "Zabystrzan, Pavel"]
[Black "Hausner, Ivan"]
[Result "1/2-1/2"]
[ECO "A48"]
[WhiteElo "2308"]
[BlackElo "2395"]
[PlyCount "30"]
[EventDate "2013.??.??"]
[TimeControl "6000+400"]
[WhiteClock "1:14:24"]
[BlackClock "1:27:00"]

1. d4 Nf6 2. Nf3 g6 3. c3 Bg7 4. Bf4 d6 5. h3 Nbd7 6. e3 O-O 7. Be2 Qe8 8. O-O
e5 9. dxe5 dxe5 10. Bh2 Ne4 11. Nbd2 Nxd2 12. Nxd2 Qe7 13. Qc2 Nc5 14. Rfd1 a5
15. e4 Be6 1/2-1/2

[Event "FIDE Open A - Konik"]
[Site "?"]
[Date "2013.05.01"]
[Round "4.5"]
[White "Mrva, Vladimir"]
[Black "Plát, Vojtech"]
[Result "0-1"]
[ECO "B31"]
[WhiteElo "2185"]
[BlackElo "2463"]
[PlyCount "132"]
[EventDate "2013.??.??"]
[TimeControl "5400+845"]
[WhiteClock "0:00:32"]
[BlackClock "1:24:47"]

1. e4 c5 2. Nf3 Nc6 3. Bb5 g6 4. O-O Bg7 5. c3 Nf6 6. Re1 O-O 7. d4 cxd4 8.
cxd4 a6 9. Bd3 d5 10. e5 Ne8 11. h3 Nc7 12. Nc3 b5 13. a3 Bb7 14. Bf1 Rc8 15.
Ne2 Ne6 16. Nf4 Nxf4 17. Bxf4 Qb6 18. b4 Nd8 19. Qd2 Ne6 20. Be3 f5 21. Bf4 Rc4
22. Bxc4 dxc4 23. d5 Nxf4 24. Qxf4 Bxd5 25. Rad1 e6 26. Nd4 Qc7 27. Rc1 Qe7 28.
h4 h6 29. Ne2 g5 30. hxg5 hxg5 31. Qh2 f4 32. Nc3 Ba8 33. Qh5 Rf5 34. Ne4 Bd5
35. Nf6+ Bxf6 36. exf6 Qxf6 37. Qe8+ Kg7 38. Qd7+ Qf7 39. Qxf7+ Kxf7 40. f3 g4
41. Kf2 Rg5 42. Rg1 Kf6 43. Rce1 e5 44. fxg4 Rxg4 45. g3 Kf5 46. gxf4 Rxf4+ 47.
Ke2 c3 48. Rc1 Bc4+ 49. Ke3 Re4+ 50. Kf3 Bd5 51. Kf2 Rc4 52. Ke3 c2 53. Rgf1+
Ke6 54. Rf2 Be4 55. Rh2 Bf5 56. Rh6+ Kd5 57. Rxa6 Rc3+ 58. Ke2 Rh3 59. Ra8 Kc4
60. Re8 Bd3+ 61. Kd2 Rh2+ 62. Ke3 Re2+ 63. Kf3 e4+ 64. Kf4 Kc3 65. a4 bxa4 66.
Rc8+ Kxb4 0-1

[Event "FIDE Open A - Konik"]
[Site "?"]
[Date "2013.05.01"]
[Round "4.6"]
[White "Simantsev, Mikhail"]
[Black "Kapusta, Petr"]
[Result "1-0"]
[ECO "E71"]
[WhiteElo "2449"]
[BlackElo "2165"]
[PlyCount "83"]
[EventDate "2013.??.??"]
[TimeControl "6000+1040"]
[WhiteClock "0:31:57"]
[BlackClock "0:30:25"]

1. d4 Nf6 2. c4 g6 3. Nc3 Bg7 4. e4 d6 5. h3 O-O 6. Nf3 e5 7. d5 Nbd7 8. Be3
Nc5 9. Nd2 a5 10. g4 c6 11. Be2 Rb8 12. g5 Nfd7 13. h4 f5 14. f3 Rf7 15. Qc2
Nf8 16. O-O-O Na6 17. exf5 Nb4 18. Qb1 gxf5 19. a3 Na6 20. Bd3 Nc5 21. Bc2 a4
22. dxc6 bxc6 23. Bxc5 dxc5 24. Nde4 Qa5 25. Nd6 e4 26. Nxa4 Be5 27. Qa2 Re7
28. fxe4 fxe4 29. Nxc8 Rxc8 30. Qb3 Rb8 31. Qh3 Ne6 32. Rd7 Nf4 33. Qg4 Bxb2+
34. Nxb2 Rxd7 35. Qxf4 Rxb2 36. Kxb2 Rb7+ 37. Bb3 Qd8 38. Qe3 Qe7 39. Re1 Qe5+
40. Ka2 Qh2+ 41. Re2 Qb8 42. Qxe4 1-0

[Event "FIDE Open A - Konik"]
[Site "?"]
[Date "2013.05.01"]
[Round "4.7"]
[White "Kufa, Pavel"]
[Black "Khaetsky, Roman"]
[Result "0-1"]
[ECO "B21"]
[WhiteElo "2214"]
[BlackElo "2426"]
[PlyCount "86"]
[EventDate "2013.??.??"]
[TimeControl "6000+1315"]
[WhiteClock "0:30:19"]
[BlackClock "0:48:56"]

1. e4 c5 2. d4 cxd4 3. c3 g6 4. cxd4 d5 5. exd5 Nf6 6. Bb5+ Nbd7 7. Nc3 Bg7 8.
d6 exd6 9. Qe2+ Kf8 10. Nf3 Nb6 11. O-O a6 12. Bd3 h6 13. Re1 Kg8 14. Qc2 Bg4
15. Nh4 Bh5 16. Qb3 d5 17. h3 Nfd7 18. Nxd5 Qxh4 19. Ne7+ Kh7 20. Qxf7 Qf6 21.
g4 Qxf7 22. gxh5 Qxe7 23. hxg6+ Kg8 24. Rxe7 Bf6 25. Bc4+ Nxc4 26. Rxd7 Rd8 27.
Rxb7 Bxd4 28. Be3 Bxb2 29. Rb1 Rd6 30. R1xb2 Nxb2 31. Rxb2 Rxg6+ 32. Kf1 Kf7
33. Rb7+ Ke6 34. a4 Kd5 35. a5 Rc8 36. h4 Rcc6 37. Rb4 Rc4 38. h5 Rxb4 39. hxg6
h5 40. g7 Rg4 41. Bh6 Ke6 42. f4 Kf7 43. Kf2 h4 0-1

[Event "FIDE Open A - Konik"]
[Site "?"]
[Date "2013.05.01"]
[Round "4.8"]
[White "Blahynka, Martin"]
[Black "Zwardon, Vojtech"]
[Result "0-1"]
[ECO "B32"]
[WhiteElo "2155"]
[BlackElo "2417"]
[PlyCount "98"]
[EventDate "2013.??.??"]
[TimeControl "6000+1000"]
[WhiteClock "0:23:50"]
[BlackClock "1:41:47"]

1. e4 c5 2. Nf3 Nc6 3. d4 cxd4 4. Nxd4 e5 5. Nb5 a6 6. Nd6+ Bxd6 7. Qxd6 Qe7 8.
Qd1 Nf6 9. Nc3 d6 10. Bg5 Be6 11. Bxf6 Qxf6 12. Qxd6 Rd8 13. Qc5 Nd4 14. Nd5
Bxd5 15. exd5 b6 16. Qc3 O-O 17. Bxa6 Rxd5 18. O-O b5 19. Qd3 Qxa6 20. c3 e4
21. Qxe4 Qe6 22. Rfe1 Qxe4 23. Rxe4 Ne6 24. Kf1 Rfd8 25. Rae1 Rd2 26. R1e2 g6
27. Rb4 Rd1+ 28. Re1 R1d5 29. g3 Kg7 30. a4 bxa4 31. Rxa4 Rh5 32. h4 g5 33. Re5
Rd2 34. Rb4 Rh6 35. Ke1 Rc2 36. Rf5 gxh4 37. gxh4 Rf6 38. Rxf6 Kxf6 39. f3 Rh2
40. Kf1 h6 41. Kg1 Rc2 42. Rb5 Nf4 43. Rb6+ Kg7 44. c4 Rxc4 45. Kf2 Rc2+ 46.
Kg3 Ne2+ 47. Kg4 Rc4+ 48. Kh3 Rf4 49. Kg2 Rxh4 0-1

[Event "FIDE Open A - Konik"]
[Site "?"]
[Date "2013.05.01"]
[Round "4.9"]
[White "Berzinsh, Roland"]
[Black "Krouzel, Jaroslav"]
[Result "1/2-1/2"]
[ECO "C19"]
[WhiteElo "2411"]
[BlackElo "2153"]
[PlyCount "81"]
[EventDate "2013.??.??"]
[TimeControl "6000+880"]
[WhiteClock "0:05:17"]
[BlackClock "0:01:36"]

1. e4 e6 2. d4 d5 3. Nc3 Bb4 4. e5 c5 5. a3 Bxc3+ 6. bxc3 Ne7 7. a4 Qa5 8. Bd2
Nbc6 9. Nf3 Bd7 10. Bb5 a6 11. Bxc6 Bxc6 12. O-O O-O 13. Qc1 c4 14. Qa3 Nc8 15.
Rfb1 Nb6 16. Rb4 Nd7 17. Bg5 b5 18. Be7 Rfe8 19. Bd6 bxa4 20. Qc1 Qd8 21. Qf4
f5 22. h4 Nf8 23. h5 h6 24. Rbb1 Nh7 25. Nh4 Ng5 26. f3 Nf7 27. Bc5 Rb8 28. Ng6
Rxb1+ 29. Rxb1 Bb5 30. g4 fxg4 31. fxg4 Qg5 32. Qf3 Nh8 33. Be7 Qd2 34. Rf1
Qxc2 35. Bb4 Nxg6 36. Rf2 Qd3 37. Qxd3 cxd3 38. hxg6 Rc8 39. Kg2 d2 40. Rxd2
Be8 41. Be7 1/2-1/2

[Event "FIDE Open A - Konik"]
[Site "?"]
[Date "2013.05.01"]
[Round "4.10"]
[White "Rakús, Pavel"]
[Black "Plischki, Sebastian"]
[Result "0-1"]
[ECO "A30"]
[WhiteElo "2144"]
[BlackElo "2389"]
[PlyCount "128"]
[EventDate "2013.??.??"]
[TimeControl "6000+905"]
[WhiteClock "0:01:54"]
[BlackClock "0:22:49"]

1. Nf3 c5 2. g3 b6 3. Bg2 Bb7 4. c4 Nf6 5. Nc3 e6 6. O-O Be7 7. b3 O-O 8. Bb2
d6 9. e3 Nbd7 10. Qe2 a6 11. Rfd1 Re8 12. d4 Ne4 13. Rac1 Nxc3 14. Bxc3 cxd4
15. Nxd4 Bxg2 16. Kxg2 Qc7 17. Bb2 Rac8 18. Rd2 Qb8 19. Rcd1 Bf8 20. Kg1 Rc7
21. h4 Rec8 22. Nf3 b5 23. cxb5 axb5 24. Ng5 h6 25. Nf3 Qb7 26. Nd4 Rc5 27. e4
b4 28. Nf3 Ra5 29. Bd4 e5 30. Ba1 Rca8 31. Rc1 Nc5 32. Rc4 Qa6 33. Rxb4 Qxe2
34. Rxe2 Rxa2 35. Rxa2 Rxa2 36. Bc3 Rc2 37. Be1 Rb2 38. Kf1 Rxb3 39. Rxb3 Nxb3
40. Bb4 h5 41. Ke2 f6 42. Kd3 d5 43. Bxf8 dxe4+ 44. Kxe4 Kxf8 45. Ne1 Kf7 46.
f4 Ke6 47. fxe5 fxe5 48. Nd3 Nd2+ 49. Ke3 Nc4+ 50. Kf3 Kf5 51. Nf2 Nd2+ 52. Ke3
Nf1+ 53. Kf3 Nh2+ 54. Ke2 e4 55. Nd1 Ng4 56. Nc3 Nf6 57. Kf2 Kg4 58. Ne2 Nd5
59. Nd4 Ne7 60. Ne2 Nf5 61. Kg2 e3 62. Kh2 Kf3 63. Ng1+ Kf2 64. Nh3+ Kf1 0-1

[Event "FIDE Open A - Konik"]
[Site "?"]
[Date "2013.05.01"]
[Round "4.11"]
[White "Dolezal, Radoslav"]
[Black "Szotkowski, Jakub"]
[Result "1-0"]
[ECO "A46"]
[WhiteElo "2358"]
[BlackElo "2135"]
[PlyCount "59"]
[EventDate "2013.??.??"]
[TimeControl "6000+1080"]
[WhiteClock "0:13:17"]
[BlackClock "0:11:44"]

1. d4 Nf6 2. Nf3 c5 3. e3 e6 4. Bd3 b6 5. O-O Bb7 6. Nbd2 Nc6 7. a3 Rc8 8. b3
Bd6 9. Bb2 Bb8 10. c4 O-O 11. Ne5 Ne7 12. f4 cxd4 13. exd4 d5 14. Qe2 Nf5 15.
Bxf5 exf5 16. Rac1 Ba6 17. Rfd1 Ne4 18. Nxe4 fxe4 19. g3 f5 20. Qe3 dxc4 21.
bxc4 Bxe5 22. fxe5 Rxc4 23. Rxc4 Bxc4 24. d5 Bd3 25. Qd4 f4 26. e6 Qg5 27. d6
fxg3 28. h4 Qg4 29. Rxd3 g2 30. Rd1 1-0

[Event "FIDE Open A - Konik"]
[Site "?"]
[Date "2013.05.01"]
[Round "4.12"]
[White "Jaworski, Miroslaw"]
[Black "Chromík, Tomás"]
[Result "1-0"]
[ECO "D45"]
[WhiteElo "2286"]
[BlackElo "1885"]
[PlyCount "69"]
[EventDate "2013.??.??"]
[TimeControl "6000+1495"]
[WhiteClock "0:10:00"]
[BlackClock "0:01:30"]

1. d4 d5 2. c4 c6 3. Nf3 Nf6 4. Nc3 e6 5. e3 Nbd7 6. Qc2 Bd6 7. Bd3 O-O 8. O-O
dxc4 9. Bxc4 b5 10. Bd3 Bb7 11. a3 Qe7 12. Ng5 Bxh2+ 13. Kxh2 Ng4+ 14. Kg1 Qxg5
15. f3 Ngf6 16. e4 Qh4 17. Be3 e5 18. Ne2 Rfd8 19. Qd2 h6 20. b4 Rac8 21. Qc3
Re8 22. Bc2 Nh5 23. Bb3 Ng3 24. Nxg3 Qxg3 25. Bf2 Qf4 26. Rfd1 g5 27. Qd2 Qf6
28. dxe5 Nxe5 29. Bxa7 g4 30. fxg4 Red8 31. Bd4 c5 32. bxc5 Bxe4 33. Qe3 Nxg4
34. Qxe4 Qh4 35. Qg6+ 1-0

[Event "FIDE Open A - Konik"]
[Site "?"]
[Date "2013.05.01"]
[Round "4.13"]
[White "Karhánek, Pavel"]
[Black "Fiøt, Stanislav"]
[Result "1/2-1/2"]
[ECO "A80"]
[WhiteElo "2030"]
[BlackElo "2260"]
[PlyCount "36"]
[EventDate "2013.??.??"]
[TimeControl "6000+975"]
[WhiteClock "0:34:21"]
[BlackClock "1:20:38"]

1. d4 f5 2. Nf3 Nf6 3. Bf4 e6 4. e3 b6 5. Bd3 Bb7 6. O-O Be7 7. h3 O-O 8. Qe2
Ne4 9. Nbd2 d6 10. c3 Kh8 11. Bh2 Nd7 12. Ba6 Qc8 13. Bxb7 Qxb7 14. Nxe4 fxe4
15. Nd2 Rf5 16. Qc4 Nf8 17. f3 exf3 18. Nxf3 c5 1/2-1/2

[Event "FIDE Open A - Konik"]
[Site "?"]
[Date "2013.05.01"]
[Round "4.14"]
[White "Minko, Vladimir"]
[Black "Kubík, Michael"]
[Result "1/2-1/2"]
[ECO "D70"]
[WhiteElo "2252"]
[BlackElo "2111"]
[PlyCount "68"]
[EventDate "2013.??.??"]
[TimeControl "6000+1065"]
[WhiteClock "0:17:39"]
[BlackClock "0:00:51"]

1. d4 Nf6 2. c4 g6 3. Nf3 Bg7 4. g3 d6 5. Bg2 O-O 6. O-O Nc6 7. d5 Na5 8. Qa4
c5 9. Bd2 b6 10. Bc3 Bd7 11. Qc2 a6 12. Nbd2 b5 13. b3 Rb8 14. e4 e5 15. b4 Nb7
16. Rfc1 cxb4 17. Bxb4 a5 18. c5 axb4 19. c6 Nc5 20. cxd7 Nfxd7 21. Bh3 Bh6 22.
Rab1 Ra8 23. Rxb4 Qa5 24. Rcb1 Qxa2 25. R4b2 Qa4 26. Bxd7 Nxd7 27. Qc7 Nc5 28.
Rxb5 Rfd8 29. Qe7 Bxd2 30. Nxd2 Qd4 31. Nf3 Qxe4 32. Nxe5 Qxe5 33. Qxe5 dxe5
34. Rxc5 Ra7 1/2-1/2

[Event "FIDE Open A - Konik"]
[Site "?"]
[Date "2013.05.01"]
[Round "4.15"]
[White "Potomák, Vladimír"]
[Black "Kubeczka, Ales"]
[Result "0-1"]
[ECO "D43"]
[WhiteElo "2187"]
[BlackElo "2032"]
[PlyCount "92"]
[EventDate "2013.??.??"]
[TimeControl "6000+1365"]
[WhiteClock "0:45:17"]
[BlackClock "0:24:58"]

1. c4 c6 2. d4 d5 3. Nc3 Nf6 4. Nf3 e6 5. Bg5 h6 6. Bxf6 Qxf6 7. Qb3 a5 8. e4
dxe4 9. Nxe4 Qf4 10. Bd3 Bb4+ 11. Kd1 Be7 12. Ne5 Qh4 13. h3 a4 14. Qc2 Bf8 15.
c5 f5 16. g3 Qd8 17. Qe2 h5 18. Nd6+ Bxd6 19. cxd6 Qxd6 20. Bxf5 Qxd4+ 21. Ke1
Ra5 22. Bg6+ Ke7 23. f4 h4 24. Bc2 Rh6 25. Qg4 Qe3+ 26. Kf1 Qxg3 27. Rg1 Qxg4
28. Rxg4 Kf8 29. Ke2 Nd7 30. Ng6+ Kf7 31. Rag1 Rah5 32. Bxa4 Nf6 33. Ne5+ Rxe5+
34. fxe5 Nxg4 35. Rxg4 Rh5 36. Re4 Rg5 37. Kf2 b5 38. Bd1 c5 39. Bg4 Bb7 40.
Re2 Bd5 41. a3 Kg6 42. Re1 c4 43. Kg1 Bf3 44. Kf2 Bxg4 45. hxg4 Rxg4 46. Kf3
Kf5 0-1

[Event "FIDE Open A - Konik"]
[Site "?"]
[Date "2013.05.01"]
[Round "4.16"]
[White "Lys, Josef"]
[Black "Michenka, Jozef"]
[Result "0-1"]
[ECO "A46"]
[WhiteElo "2137"]
[BlackElo "2355"]
[PlyCount "60"]
[EventDate "2013.??.??"]
[TimeControl "6000+1940"]
[WhiteClock "0:19:15"]
[BlackClock "0:07:43"]

1. d4 Nf6 2. Nf3 e6 3. g3 d5 4. Bg2 Be7 5. O-O O-O 6. b3 Nbd7 7. c4 c6 8. Nc3
b6 9. Bb2 Bb7 10. Qc2 Rc8 11. Rfd1 Qc7 12. Rac1 Rfd8 13. Qb1 Qb8 14. Qa1 Ba6
15. Nd2 b5 16. e4 bxc4 17. e5 Ng4 18. bxc4 c5 19. cxd5 cxd4 20. dxe6 dxc3 21.
exf7+ Kf8 22. Bxc3 Ndxe5 23. h3 Rxc3 24. Rxc3 Nxf2 25. Kxf2 Qb6+ 26. Re3 Nd3+
27. Kf3 Nb2 28. Bf1 Qf6+ 29. Kg2 Bb7+ 30. Kg1 Bc5 0-1

[Event "FIDE Open A - Konik"]
[Site "?"]
[Date "2013.05.01"]
[Round "4.1"]
[White "Nguyen, Thai Dai Van"]
[Black "Holemár, David"]
[Result "1/2-1/2"]
[ECO "B06"]
[WhiteElo "2132"]
[BlackElo "2285"]
[PlyCount "86"]
[EventDate "2013.??.??"]
[TimeControl "6000+670"]
[WhiteClock "0:30:18"]
[BlackClock "0:29:22"]

1. e4 g6 2. d4 Bg7 3. Nf3 d6 4. Bc4 e6 5. O-O h6 6. c3 a6 7. a4 b6 8. Re1 Bb7
9. Bd3 Nd7 10. Nbd2 Ne7 11. b3 O-O 12. Bb2 Nc6 13. Nf1 Ne7 14. Qe2 e5 15. Rad1
Nc6 16. Bb1 Na5 17. b4 Nc6 18. b5 axb5 19. axb5 Na5 20. c4 Qf6 21. Ne3 Nb3 22.
dxe5 Nxe5 23. Nxe5 dxe5 24. Nd5 Qd6 25. Bc2 Nc5 26. f4 Rfe8 27. Rf1 Bxd5 28.
Rxd5 Qe7 29. Bxe5 Bxe5 30. Rxe5 Qf6 31. Rxe8+ Rxe8 32. e5 Qe7 33. Rd1 Rd8 34.
Rxd8+ Qxd8 35. Qe3 Kg7 36. h3 Qd7 37. Kh2 Qd8 38. g4 Qa8 39. Qc3 Qa5 40. Qe3
Qa2 41. Qc3 Qa5 42. Qe3 Qa1 43. f5 Qb2 1/2-1/2

[Event "FIDE Open A - Konik"]
[Site "?"]
[Date "2013.05.01"]
[Round "4.2"]
[White "Leks, Maria"]
[Black "Orzechowski, Jacek"]
[Result "1/2-1/2"]
[ECO "C07"]
[WhiteElo "2091"]
[BlackElo "2219"]
[PlyCount "21"]
[EventDate "2013.??.??"]
[TimeControl "6000+345"]
[WhiteClock "1:21:10"]
[BlackClock "1:29:07"]

1. e4 e6 2. d4 d5 3. Nd2 c5 4. Ngf3 cxd4 5. exd5 Qxd5 6. Bc4 Qd7 7. O-O Nc6 8.
Nb3 Nf6 9. Nbxd4 Nxd4 10. Qxd4 Qxd4 11. Nxd4 1/2-1/2

[Event "FIDE Open A - Konik"]
[Site "?"]
[Date "2013.05.01"]
[Round "4.3"]
[White "Veselý, Martin"]
[Black "Omamík, Pavel"]
[Result "1-0"]
[ECO "E97"]
[WhiteElo "2178"]
[BlackElo "2076"]
[PlyCount "67"]
[EventDate "2013.??.??"]
[TimeControl "6000+1790"]
[WhiteClock "0:04:36"]
[BlackClock "0:00:40"]

1. d4 Nf6 2. Nf3 d6 3. c4 g6 4. Nc3 Bg7 5. e4 O-O 6. Be2 e5 7. O-O Nc6 8. d5
Ne7 9. b4 Nh5 10. Re1 h6 11. c5 Nf4 12. Bf1 f5 13. cxd6 cxd6 14. Nd2 fxe4 15.
Ndxe4 Nf5 16. Be3 Nh4 17. Nb5 Nh3+ 18. Kh1 Ng5 19. Bxg5 hxg5 20. Nbxd6 Nf5 21.
Nxc8 Rxc8 22. Rc1 Qb6 23. Qg4 Rcd8 24. a3 Nd4 25. d6 Rf5 26. Bc4+ Kf8 27. Qh3
Rxd6 28. Nxd6 Qxd6 29. Qh7 Qf6 30. Qg8+ Ke7 31. f3 Rxf3 32. Bd5 Rf2 33. Qc8 Qb6
34. Rc7+ 1-0

[Event "FIDE Open A - Konik"]
[Site "?"]
[Date "2013.05.01"]
[Round "4.4"]
[White "Kula, Dominik"]
[Black "Kozák, Milos"]
[Result "1/2-1/2"]
[ECO "C96"]
[WhiteElo "1854"]
[BlackElo "2175"]
[PlyCount "62"]
[EventDate "2013.??.??"]
[TimeControl "6000+1120"]
[WhiteClock "0:18:18"]
[BlackClock "0:16:08"]

1. e4 e5 2. Nf3 Nc6 3. Bb5 a6 4. Ba4 Nf6 5. O-O Be7 6. Re1 b5 7. Bb3 d6 8. c3
O-O 9. h3 Na5 10. Bc2 c5 11. d4 Nd7 12. Nbd2 exd4 13. cxd4 Nc6 14. d5 Nce5 15.
a4 Bb7 16. Nxe5 Nxe5 17. f4 Ng6 18. Nf1 Bf6 19. Ra3 Bd4+ 20. Kh2 b4 21. Rd3 a5
22. g3 Re8 23. Rf3 Bc8 24. Ne3 Ra7 25. Nc4 Rae7 26. f5 Ne5 27. Nxe5 Bxe5 28. b3
Ba6 29. Bd3 Qc8 30. Bxa6 Qxa6 31. f6 Rc7 1/2-1/2

[Event "FIDE Open A - Konik"]
[Site "?"]
[Date "2013.05.01"]
[Round "4.5"]
[White "Slanina, Miroslav"]
[Black "Dobes, Ludek"]
[Result "1-0"]
[ECO "A48"]
[WhiteElo "2162"]
[BlackElo "2064"]
[PlyCount "49"]
[EventDate "2013.??.??"]
[TimeControl "6000+1485"]
[WhiteClock "0:14:23"]
[BlackClock "0:27:17"]

1. d4 Nf6 2. Nf3 g6 3. Bf4 d6 4. e3 Bg7 5. h3 O-O 6. Be2 Nbd7 7. O-O b6 8. c3
Bb7 9. Nbd2 c5 10. a4 cxd4 11. exd4 Nd5 12. Bh2 a5 13. Re1 Ba6 14. Bxa6 Rxa6
15. Qb3 N7f6 16. Nc4 h6 17. Re2 Qd7 18. Rae1 Rc8 19. Na3 Bf8 20. Nd2 Raa8 21.
Nb5 Nc7 22. Nc4 Nfd5 23. Nxc7 Qxc7 24. Nxd6 Nxc3 25. Qxf7+ 1-0

[Event "FIDE Open A - Konik"]
[Site "?"]
[Date "2013.05.01"]
[Round "4.6"]
[White "Bures, Martin"]
[Black "Dostál, Radim"]
[Result "1-0"]
[ECO "C18"]
[WhiteElo "2147"]
[BlackElo "2036"]
[PlyCount "53"]
[EventDate "2013.??.??"]
[TimeControl "6000+1325"]
[WhiteClock "0:05:44"]
[BlackClock "0:11:15"]

1. e4 e6 2. d4 d5 3. Nc3 Bb4 4. e5 c5 5. a3 Bxc3+ 6. bxc3 Ne7 7. Qg4 Qc7 8.
Qxg7 Rg8 9. Qxh7 cxd4 10. Ne2 Nbc6 11. f4 Bd7 12. Qd3 dxc3 13. Qxc3 Rc8 14. Bd2
Nf5 15. Rb1 a6 16. Ng3 Nxg3 17. hxg3 b5 18. a4 Qa7 19. axb5 axb5 20. Bxb5 Ne7
21. Ra1 Qb6 22. Bxd7+ Kxd7 23. Qb4 Qxb4 24. Bxb4 Rc7 25. Rh7 Rxg3 26. Rxf7 Ke8
27. Rh7 1-0

[Event "FIDE Open A - Konik"]
[Site "?"]
[Date "2013.05.01"]
[Round "4.7"]
[White "Malík, Jan"]
[Black "Chlevistan, Jakub"]
[Result "1-0"]
[ECO "C42"]
[WhiteElo "2265"]
[BlackElo "2075"]
[PlyCount "73"]
[EventDate "2013.??.??"]
[TimeControl "6000+1000"]
[WhiteClock "0:15:25"]
[BlackClock "0:10:28"]

1. e4 e5 2. Nf3 Nf6 3. Nxe5 d6 4. Nf3 Nxe4 5. d3 Nf6 6. d4 d5 7. Bd3 Bd6 8. O-O
O-O 9. h3 h6 10. Nc3 c6 11. Re1 Re8 12. Ne5 Nbd7 13. Bf4 Qc7 14. Re3 Nf8 15.
Rg3 Ne6 16. Bxh6 Kf8 17. Qf3 Bxe5 18. dxe5 Qxe5 19. Bd2 Bd7 20. Re1 Nd4 21. Qd1
Qd6 22. Rge3 Rxe3 23. Bxe3 Nf5 24. Bg5 Re8 25. Rxe8+ Nxe8 26. Qh5 f6 27. Bd2
Ne7 28. h4 Qe5 29. Qh8+ Kf7 30. h5 Bf5 31. h6 gxh6 32. Be2 Bxc2 33. Bxh6 Bg6
34. Bg4 Nf5 35. Qf8+ Ke6 36. Ne2 Kd7 37. Qg8 1-0

[Event "FIDE Open A - Konik"]
[Site "?"]
[Date "2013.05.01"]
[Round "4.8"]
[White "Furman, Boris"]
[Black "Didi, Jan"]
[Result "1-0"]
[ECO "D35"]
[WhiteElo "2223"]
[BlackElo "2053"]
[PlyCount "113"]
[EventDate "2013.??.??"]
[TimeControl "6000+740"]
[WhiteClock "0:16:03"]
[BlackClock "0:06:13"]

1. d4 d5 2. c4 e6 3. cxd5 exd5 4. Nc3 Nf6 5. Bg5 Be7 6. e3 c6 7. Bd3 O-O 8. Qc2
Nbd7 9. Nf3 Re8 10. O-O Nf8 11. h3 Ne4 12. Bf4 Nxc3 13. bxc3 Bd6 14. Bxd6 Qxd6
15. c4 dxc4 16. Bxc4 Be6 17. Bd3 h6 18. Rab1 Re7 19. Rb2 Rae8 20. Ne5 Rc7 21.
Qa4 a6 22. Rfb1 Ree7 23. Qa5 Nh7 24. Nc4 Bxc4 25. Bxc4 Nf6 26. Qf5 b5 27. Bb3
c5 28. dxc5 Rxc5 29. Qf3 Rec7 30. Rd1 Rc1 31. Rb1 Rxb1 32. Rxb1 Qa3 33. Rd1 Rc1
34. Qa8+ Kh7 35. Qd8 Rxd1+ 36. Qxd1 Kg8 37. Qd8+ Qf8 38. Qc7 Qe8 39. Qb6 Qc8
40. Qa7 Nd7 41. Bd5 Kf8 42. g3 Ke7 43. e4 f6 44. Kg2 g6 45. h4 g5 46. h5 Kd6
47. Bb7 Qc5 48. Qxa6+ Ke7 49. Bd5 Qb6 50. Qc8 Qd8 51. Qa6 Qb6 52. Qa8 Qd8 53.
Qa3+ Ke8 54. Bc6 Qe7 55. Qa8+ Qd8 56. Qb7 Ke7 57. Bxb5 1-0

[Event "FIDE Open A - Konik"]
[Site "?"]
[Date "2013.05.01"]
[Round "4.9"]
[White "Kuciel, Wladyslaw"]
[Black "Zidek, Václav"]
[Result "0-1"]
[ECO "E12"]
[WhiteElo "2033"]
[BlackElo "2190"]
[PlyCount "44"]
[EventDate "2013.??.??"]
[TimeControl "6000+1215"]
[WhiteClock "1:19:48"]
[BlackClock "0:43:04"]

1. d4 e6 2. c4 Nf6 3. Nf3 b6 4. a3 Bb7 5. Nc3 d5 6. Qc2 Be7 7. cxd5 Nxd5 8. e4
Nxc3 9. bxc3 O-O 10. Bd3 c5 11. O-O Qc8 12. Qe2 Ba6 13. Rd1 Bxd3 14. Rxd3 Nd7
15. e5 Rd8 16. Ng5 h6 17. Nxe6 fxe6 18. Rg3 Rf8 19. Qg4 Rf7 20. Qxe6 Nf8 21.
Rxg7+ Kxg7 22. Bxh6+ Kg8 0-1

[Event "FIDE Open A - Konik"]
[Site "?"]
[Date "2013.05.01"]
[Round "4.10"]
[White "Taus, Martin"]
[Black "Miculka, Petr"]
[Result "1/2-1/2"]
[ECO "B22"]
[WhiteElo "2169"]
[BlackElo "2018"]
[PlyCount "169"]
[EventDate "2013.??.??"]
[TimeControl "6000+1390"]
[WhiteClock "0:07:24"]
[BlackClock "0:04:45"]

1. e4 c5 2. c3 d5 3. exd5 Qxd5 4. d4 Nc6 5. Nf3 e5 6. dxe5 Qxd1+ 7. Kxd1 Bg4 8.
Bb5 O-O-O+ 9. Ke1 Nxe5 10. Nbd2 Nxf3+ 11. Nxf3 Bxf3 12. gxf3 Nf6 13. Bc4 Nd5
14. Rg1 g6 15. Bg5 Be7 16. Bxe7 Rhe8 17. Kf1 Rxe7 18. Re1 Rxe1+ 19. Kxe1 f6 20.
Ke2 Re8+ 21. Kd2 Nf4 22. Re1 Rxe1 23. Kxe1 Kd7 24. Kd2 Kd6 25. Bg8 h5 26. Bf7
Ke5 27. Ke3 g5 28. Bg8 f5 29. Bf7 h4 30. Bg8 Nh3 31. Bf7 f4+ 32. Kd3 Nxf2+ 33.
Ke2 Nh3 34. Bh5 g4 35. Bxg4 Ng5 36. Bc8 b6 37. Bb7 Nf7 38. Kd3 c4+ 39. Ke2 Nd6
40. Bc6 Nf5 41. b3 Ne3 42. bxc4 Nxc4 43. Bb5 Kd5 44. Kd3 Ne5+ 45. Ke2 Kc5 46.
Bd3 b5 47. Be4 Kc4 48. Kd2 b4 49. cxb4 Kxb4 50. Bd5 a5 51. Ke2 Kc3 52. Kf2 a4
53. Kg2 a3 54. Kh3 Kd4 55. Bb7 Ke3 56. Kxh4 Nxf3+ 57. Kh3 Ne1 58. Kg4 f3 59.
Kg3 f2 60. Ba6 Nc2 61. Kg2 Nd4 62. Bf1 Ne2 63. h4 Nf4+ 64. Kg3 Nh5+ 65. Kg4
Nf6+ 66. Kf5 Ne4 67. Kg6 Ng3 68. Bg2 Ke2 69. h5 Nxh5 70. Kxh5 f1=Q 71. Bxf1+
Kxf1 72. Kg4 Kg2 73. Kh4 Kh2 74. Kg4 Kg2 75. Kh4 Kf2 76. Kh3 Ke3 77. Kg2 Kd4
78. Kf2 Kd3 79. Ke1 Kc3 80. Kd1 Kb2 81. Kd2 Ka1 82. Kc1 Kxa2 83. Kc2 Ka1 84.
Kc1 a2 85. Kc2 1/2-1/2